 Dungeon Crawl Stone Soup version 0.23.1 (webtiles) character file.

Game seed: 2482479748370409403

77 PentaManta the Charlatan (level 4, -10/27 HPs)
             Began as a Kobold Artificer on Mar 14, 2019.
             Killed themself with a badly aimed iceblast (16 damage)
             ... on level 2 of the Dungeon.
             The game lasted 00:06:38 (2201 turns).

PentaManta the Charlatan (Kobold Artificer)         Turns: 2201, Time: 00:06:39

Health: -10/27     AC:  3    Str:  9    XL:     4   Next: 58%
Magic:  6/6        EV: 14    Int: 12    God:
Gold:   54         SH:  0    Dex: 16    Spells: 3/3 levels left

rFire    . . .     SeeInvis .   a - +0 short sword
rCold    . . .     Gourm    .   (shield restricted)
rNeg     . . .     Faith    .   b - +0 leather armour
rPois    .         Spirit   .   (no helmet)
rElec    .         Reflect  .   (no cloak)
rCorr    .         Harm     .   (no gloves)
MR       .....                  (no boots)
Stlth    ++........             (no amulet)
HPRegen  0.09/turn              (no ring)
MPRegen  0.10/turn              (no ring)

@: no status effects
A: small, carnivore
a: no special abilities


You were on level 2 of the Dungeon.
You were very full.

You visited 1 branch of the dungeon, and saw 2 of its levels.

You collected 54 gold pieces.

Inventory:

Hand Weapons
 a - a +0 short sword (weapon)
Armour
 b - a +0 leather armour (worn)
Wands
 c - a wand of flame (8)
 d - a wand of enslavement (14)
 e - a wand of random effects (13)
Scrolls
 g - a scroll of enchant weapon {unknown}
 h - a scroll of identify {unknown}
 i - 2 scrolls of remove curse {unknown}
 k - a scroll of amnesia {unknown}
 l - a scroll of teleportation {unknown}
Potions
 j - 2 potions of might {unknown}
 m - a potion of brilliance {unknown}
 o - a potion of curing {unknown}
 p - 2 potions of berserk rage {unknown}
Comestibles
 f - 2 rations


   Skills:
 + Level 2.7 Fighting
 + Level 3.4 Short Blades
 - Level 2.4 Dodging
 * Level 3.2 Stealth
 - Level 3.6 Evocations


You had 3 spell levels left.
You didn't know any spells.
Your spell library was empty.

Dungeon Overview and Level Annotations

Branches:
Dungeon (2/15)

Altars:

Annotations:
D:1 dig


Innate Abilities, Weirdness & Mutations

You are small and have problems with some larger weapons.
You are carnivorous and can eat meat at any time.


Message History

Press: ? - help, Shift-Dir - straight line, f/p - worm
Aim: a worm (heavily wounded)
The worm flickers and vanishes!
Deactivating autopickup; reactivate with Ctrl-A.
Evoke which item? (* to show all) (? for menu, Esc to quit)
Aiming: Random Effects
Press: ? - help, Shift-Dir - straight line The puff of frost hits something!
You see here 14 gold pieces.
You start resting.
Something bites you.
* * * LOW HITPOINT WARNING * * *
Evoke which item? (* to show all) (? for menu, Esc to quit)
Aiming: Random Effects
Press: ? - help, Shift-Dir - straight line The mass of ice explodes!
The iceblast engulfs something!!
Reactivating autopickup.
You feel a bit more experienced. The iceblast engulfs you!
Ouch! That really hurt!
You die...

....# .. ^# ....####
#.##.### .....).#
..... .# ....##.# ..#
.#
..#.##.#####..###.#
#........##.#...#.###
#..........#..# ...
#...##...(....###.#
#........#.#....@.#
#.#.###.>#.#.######
..#.###..#...#
.##<.....##..# .#
####......#
)##########.##
..>......#...#
....####.#.#.#
....####...#...


There were no monsters in sight!

Vanquished Creatures
  2 adders
  A worm (D:2)
  3 dart slugs
  3 leopard geckos
  4 bats
  4 giant cockroaches
  6 hobgoblins (D:1)
  4 jackals
  A ball python (D:1)
  2 frilled lizards (D:1)
  3 goblins
  7 kobolds
  10 rats
50 creatures vanquished.

Vanquished Creatures (others)
  A leopard gecko (D:1)
1 creature vanquished.

Grand Total: 51 creatures vanquished

Notes
Turn   | Place    | Note
-------+----------+-------------------------------------------
     0 | D:1      | PentaManta the Kobold Artificer began the quest for the
                  | Orb.
     0 | D:1      | Reached XP level 1. HP: 12/12 MP: 3/3
   347 | D:1      | Reached XP level 2. HP: 17/17 MP: 4/4
  1135 | D:1      | Reached XP level 3. HP: 21/21 MP: 5/5
  1822 | D:2      | Reached XP level 4. HP: 25/27 MP: 6/6
  2201 | D:2      | Killed themself with a badly aimed iceblast

Skill      XL: |  1  2  3  4 |
---------------+-------------+-----
Short Blades   | 2 3 |  3.4
Fighting       | 2 |  2.7
Stealth        | 2 3 |  3.2
Dodging        | |  2.4
Evocations     | |  3.6

Action                   |  1- 3 |  4- 6 || total
-------------------------+-------+-------++-------
Melee: Short sword       |   147 |    81 ||   228
Evoke: Wand              |     4 |     6 ||    10
 Stab: Sleeping          |     5 |       ||     5
  Eat: Chunk             |    11 |     1 ||    12
Armor: Leather armour    |    25 |    27 ||    52
Dodge: Dodged            |    97 |   101 ||   198
